 Dungeon Sprint DCSS version 0.30.1-11-g7821555f0a (webtiles) character file.

Game seed: 8211801750212979954

4 Heoruswealwe the Covered (level 1, 0/20 HPs)
             Began as a Minotaur Fighter on Dec 15, 2023.
             Shot with an arrow by a centaur (9 damage)
             ... in the Dungeon (Sprint IX: "|||||||||||||||||||||||||||||").
             The game lasted 00:00:16 (37 turns).

Heoruswealwe the Covered (Minotaur Fighter)           Turns: 37, Time: 00:00:16

Health: 0/20       AC:  7    Str: 20    XL:     1   Next: 58%
Magic:  0/0        EV:  9    Int:  5    God:
Gold:   0          SH:  4    Dex:  9    Spells: 0/0 levels left

rFire   . . .        a - +0 trident
rCold   . . .        d - +0 buckler
rNeg    . . .        c - +0 scale mail
rPois   .            (helmet restricted)
rElec   .            (no cloak)
rCorr   .            (no gloves)
SInv    .            (no boots)
Will    .....        (no amulet) Stlth
                     (no ring)
HPRegen 0.23/turn    (no ring)
MPRegen 0.07/turn

%: no teleportation
@: no status effects
A: horns 2, retaliatory headbutt
a: no special abilities


You were in the Dungeon.
You visited 1 branch

Inventory:

Hand Weapons
 a - a +0 trident (weapon)
Armour
 c - a +0 scale mail (worn)
 d - a +0 buckler (worn)
Scrolls
 j - a scroll of blinking
Potions
 b - a potion of might
 e - a potion of curing
 f - a potion of heal wounds
 g - a potion of haste
 i - a potion of berserk rage


   Skills:
 + Level 4.1 Fighting
 * Level 3.7 Polearms
 + Level 4.1 Armour
 - Level 3.6 Shields


You couldn't memorise any spells.
You didn't know any spells.
Your spell library was empty.

Dungeon Overview and Level Annotations

Branches:
Dungeon (1/1)

Altars:


Innate Abilities, Weirdness & Mutations

You have a pair of horns on your head.
You reflexively headbutt those who attack you in melee.


Message History

You closely miss the rat. Your headbutt misses the rat.
You block the rat's attack.
You barely miss the rat. The rat bites you but does no damage.
You hit the rat.
You kill the rat!
Your Fighting skill increases to level 4!
Your Armour skill increases to level 4!
You hit the kobold.
The kobold is severely wounded.
The kobold barely misses you. You furiously retaliate!
You headbutt the kobold!
You kill the kobold!
The goblin hits you but does no damage.
You hit the goblin but do no damage. Your headbutt misses the goblin.
The goblin hits you with a +0 club.
You hit the goblin but do no damage. The goblin hits you with a +0 club.
You closely miss the goblin. The goblin closely misses you.
You furiously retaliate!
You headbutt the goblin!
You kill the goblin!
There is an open door to the Dungeon here.
Items here: ( )))) ††.
Okay, then.
You start resting.
HP restored.
You open the door.
An adder, an orc, an ice beast, a centaur and an iguana come into view.
The adder hisses angrily.
The orc shouts!
You closely miss the iguana. The iguana barely misses you.
You hit the iguana. You headbutt the iguana.
The iguana is moderately wounded.
The iguana bites you!
Ouch! That really hurt!
You puncture the iguana!
The iguana is almost dead.
The iguana barely misses you. You furiously retaliate!
You headbutt the iguana, but do no damage.
You hit the iguana.
You kill the iguana!
The centaur wields a +0 shortbow.
The centaur shoots an arrow.
The arrow hits you!
You die... ▓▓▓▓▓▓▓▓▓▓▓▓▓▓▓▓▓▓ +.SoYc'@....).!.<▓ ▓▓▓▓▓▓▓▓▓▓▓▓▓▓▓▓▓▓

You could see an ice beast, a centaur, an adder and an orc.

Vanquished Creatures
  An iguana (D)
  2 kobolds (D)
  2 goblins (D)
  A rat (D)
6 creatures vanquished.

Notes
Turn   | Place    | Note
-------+----------+-------------------------------------------
     0 | D        | Heoruswealwe the Minotaur Fighter began the quest for the
                  | Orb.
     0 | D        | Reached XP level 1. HP: 19/19 MP: 0/0
    33 | D        | Noticed an ice beast
    33 | D        | Noticed a centaur
    33 | D        | Noticed an iguana
    37 | D        | Killed an iguana
    37 | D        | Shot with an arrow by a centaur

Illustrated notes

Levels and vault maps discovered:
D:        linesprint [early_d, line_temple, items_1, d_10, items_2, lair_1,
          lair_end, items_3, orc_1, orc_end, items_4, d_15, swamp_1, shoals_1,
          snake_1, spider_1, d_20, vaults_1, items_5, swamp_end, shoals_end,
          snake_end, spider_end, vaults_end, d_27, items_6, zot_1, zot_end,
          crypt_end, forest_end, elf_end, slime_end, tomb_end, abyss_end,
          pan_hell_end]

Skill      XL: |  1 |
---------------+----+-----
Polearms       | 3 |  3.7
Fighting       | 4 |  4.1
Armour         | 4 |  4.1
Shields        | |  3.6

Action                     || total
---------------------------++-------
  Melee: Trident           ||    16
         Headbutt          ||     1
 Armour: Scale mail        ||     5
  Dodge: Dodged            ||     5
  Block: Buckler           ||     1
